 Dungeon Crawl Stone Soup version 0.32-a0-614-gd166fa89d2 (webtiles) character file.

Game seed: 17947921974278496636

107 kae the Slasher (level 4, -4/33 HPs)
             Began as a Coglin Gladiator on Mar 5, 2024.
             Slain by a hobgoblin (6 damage)
             ... led by Robin
             ... on level 2 of the Dungeon.
             The game lasted 00:01:17 (1502 turns).

kae the Slasher (Coglin Gladiator)                  Turns: 1502, Time: 00:01:17

Health: -4/33      AC:  5    Str: 14    XL:     4   Next: 86%
Magic:  4/4        EV: 12    Int:  8    God:
Gold:   60         SH:  0    Dex: 17    Spells: 3/3 levels left

rFire   + . .        a - +0 long sword {Katrin}
rCold   + . .        k - +1 dagger (venom) {Lisbeth}
rNeg    . . .        b - +0 leather armour
rPois   +            c - +1 helmet
rElec   +            (no cloak)
rCorr   +            (no gloves)
SInv    .            (no boots)
Will    +....        (amulet unavailable)
Stlth   +            (ring unavailable)
HPRegen 0.25/turn    (ring unavailable)
MPRegen 0.09/turn    (no gizmo)

%: no passive effects
@: mighty, resistant, enlightened, flying, revving
A: off-hand wielding, slow wielding, warmup strikes, no jewellery
a: Invent Gizmo


You were on level 2 of the Dungeon.
You visited 1 branch of the dungeon, and saw 2 of its levels.

You collected 60 gold pieces.


Innate Abilities, Weirdness & Mutations

You can wield a second weapon in your off-hand.
It takes a long time for you to wield or remove held weapons.
Your first few attacks do less damage.
You cannot equip rings or amulets.


   Skills:
 - Level 2.0 Fighting
 + Level 5.4 Long Blades
 - Level 1.7 Throwing
 - Level 2.6 Dodging


You had 3 spell levels left.
You didn't know any spells.
Your spell library was empty.

Inventory:

Hand Weapons
 a - a +0 long sword (weapon) {Katrin}
 k - a +1 dagger of venom (offhand) {Lisbeth}
   (You took it off a kobold on level 2 of the Dungeon)
Missiles
 d - 3 throwing nets (quivered) {=f!f}
 e - a javelin
 h - 8 stones
Armour
 b - a +0 leather armour (worn)
 c - a +1 helmet (worn)
Jewellery
 N - a ring of positive energy
   (You found it on level 2 of the Dungeon)
 W - a ring of magical power
   (You found it on level 2 of the Dungeon)
Scrolls
 g - a scroll of fog {unknown}
 j - a scroll of amnesia {unknown}
 l - a scroll of revelation {unknown}
 n - 2 scrolls of teleportation {unknown}
 p - a scroll of fear {unknown}
 r - a scroll of vulnerability {unknown}
 s - a scroll of enchant weapon {unknown}
Potions
 m - a potion of lignification {!q}

Dungeon Overview and Level Annotations

Branches:
Dungeon (2/15) Zot: 10493

Altars:

Shops:
D:1 (

Annotations:
D:2 1 runed translucent door, Crazy Yiuf, Robin

.......##........................
.......##...........######....#..
.......##....)......# #........
...............[....# #.#####..
.......##...........# #........
.......##...........# #.#####..
###[....#...)....g..# #.......#
###...#......gggg.### ###.##.##
#...#......g@gg...# #.##.#
#...#.....#####...# #.##.#
#...#.....# #...# #.##.##
#...#.....# #...# #.##.##
#...#.....# #g..# #.##.##
...#.....# #g.g# #.#.... #gg.#
#.#.... #...# #.#.... #.#....


You could see Robin, a hobgoblin (strong) and 6 goblins.


Message History

😮 HP[-3]
You take 3 damage, and now have 24/33 hp.
You miss the goblin with your +0 long sword.
You hit the goblin but do no damage.
The goblin is poisoned.
You feel sick. The goblin closely misses you.
You miss the goblin with your +1 dagger of venom.
You closely miss the goblin with your +0 long sword.
You feel sick. Robin throws the goblin at you!
The goblin hits you with a +0 club.
The goblin hits you but does no damage. x3 😮 HP[-4]
You take 4 damage, and now have 20/33 hp.
Unknown command.
You are too injured to fight recklessly!
You are too injured to fight recklessly!
You are too injured to fight recklessly!
You are too injured to fight recklessly!
You hit the goblin with your +1 dagger of venom.
You kill the goblin!
You feel sick. Robin throws the goblin at you!
The goblin hits you but does no damage. The goblin hits you with a +0 dagger.
* * * LOW HITPOINT WARNING * * *
The goblin shouts!
The goblin hits you with a +0 club.
* * * LOW HITPOINT WARNING * * *
The goblin barely misses you.
Unknown command. 😨 HP[-7]
You take 7 damage, and now have 13/33 hp.
MASSIVE DAMAGE!! (PAUSE) It was a potion of might.
You feel very mighty all of a sudden.
You feel sick. The goblin hits you with a +0 club.
* * * LOW HITPOINT WARNING * * *
The goblin hits you with a +0 dagger.
* * * LOW HITPOINT WARNING * * *
The goblin hits you with a +0 club.
* * * LOW HITPOINT WARNING * * *
The hobgoblin barely misses you. 😱 HP[-8]
You take 8 damage, and now have 5/33 hp.
MASSIVE DAMAGE!! (PAUSE) It was a potion of enlightenment.
You feel very buoyant.
You fly up into the air.
You feel sick.
You are no longer poisoned.
The goblin misses you.
A goblin comes into view. It is wielding a +0 dagger.
The goblin closely misses you. x2; The goblin barely misses you.
The hobgoblin hits you.
* * * LOW HITPOINT WARNING * * *
😱 HP[-4]
You take 4 damage, and now have 1/33 hp.
Unknown command.
It was a potion of resistance.
You feel protected. The goblin barely misses you.
The goblin hits you but does no damage.
A goblin comes into view. It is wielding a +0 dagger.
The goblin hits you but does no damage. The goblin misses you.
The hobgoblin closely misses you.
Unknown command.
It was a potion of heal wounds.
You feel much better.
Robin roars a battlecry!
The goblins go into a battle-frenzy!
The goblin closely misses you. The goblin hits you with a +0 dagger.
The goblin hits you with a +0 club.
* * * LOW HITPOINT WARNING * * *
The goblin closely misses you. The hobgoblin hits you.
* * * LOW HITPOINT WARNING * * *
You hear a shout! 😨 HP[+12]
You regained 12 hp, and now have 13/33 hp.
Okay, then.
You hit the goblin with your +1 dagger of venom.
The goblin is poisoned.
You closely miss the goblin with your +0 long sword.
You hear a shout!
You kill the goblin!
The goblin hits you with a +0 club.
* * * LOW HITPOINT WARNING * * *
The goblin completely misses you.
A goblin comes into view.
It is wielding a +3 dagger of electrocution.
The goblin hits you with a +0 club.
* * * LOW HITPOINT WARNING * * *
The hobgoblin hits you.
* * * LOW HITPOINT WARNING * * *
😱 HP[-9]
You take 9 damage, and now have 4/33 hp.
MASSIVE DAMAGE!! (PAUSE) This is a scroll of acquirement!
Something appears at your feet! The goblin hits you with a +0 club.
* * * LOW HITPOINT WARNING * * *
The goblin closely misses you. The goblin completely misses you.
The hobgoblin barely misses you. 😱 HP[-2]
You take 2 damage, and now have 2/33 hp.
As you read the scroll labelled HAZUIVAZEA, it crumbles to dust.
It is a scroll of enchant armour.
Your +0 helmet glows green for a moment.
The goblin closely misses you. x2; The hobgoblin hits you.
You die...

Skill      XL: |  1  2  3  4 |
---------------+-------------+-----
Long Blades    | 4 5 |  5.4
Fighting       | |  2.0
Throwing       | |  1.7
Dodging        | |  2.6

Action                     |  1- 3 |  4- 6 || total
---------------------------+-------+-------++-------
  Melee: Dagger            |    49 |    12 ||    61
         Long sword        |    59 |    11 ||    70
    Use: Scroll            |     1 |     2 ||     3
         Potion            |       |     4 ||     4
   Stab: Sleeping          |       |     1 ||     1
 Armour: Leather armour    |    48 |    29 ||    77
  Dodge: Dodged            |    40 |    27 ||    67

Levels and vault maps discovered:
D:1:      dpeg_arrival_tiny_k, layout_rooms, serial_shops,
          nicolae_shop_bloodbath_and_beyond
D:2:      layout_basic, chequers_ecumenical_altar_simple, minmay_pentomino_o2,
          uniq_terence, uniq_robin, uniq_jessica, uniq_crazy_yiuf_cottage

Notes
Turn   | Place    | Note
-------+----------+-------------------------------------------
     0 | D:1      | kae the Coglin Gladiator began the quest for the Orb.
     0 | D:1      | Reached XP level 1. HP: 16/16 MP: 1/1
     0 | D:1      | magus.rc [v1.11.3]
    40 | D:1      | Reached XP level 2. HP: 13/22 MP: 2/2
    43 | D:1      | HP: 5/22 [frilled lizard (2)]
    48 | D:1      | HP: 2/22 [kobold/+0 short sword (4)]
   211 | D:1      | Reached skill level 4 in Long Blades
   282 | D:1      | Reached XP level 3. HP: 27/27 MP: 3/3
   450 | D:1      | Found Digysot's Weapon Shoppe.
   695 | D:2      | Noticed Terence
   705 | D:2      | Killed Terence
   706 | D:2      | Reached XP level 4. HP: 23/33 MP: 4/4
   790 | D:2      | Identified the +3 mace of Gueclen {venom, *Noise rPois
                  | Str+5}
  1110 | D:2      | Reached skill level 5 in Long Blades
  1142 | D:2      | Found a faded altar of an unknown god.
  1275 | D:2      | Noticed Jessica
  1278 | D:2      | Killed Jessica
  1402 | D:2      | Found a runed translucent door.
  1403 | D:2      | Noticed Crazy Yiuf
  1487 | D:2      | Noticed Robin
  1496 | D:2      | HP: 6/33 [goblin/+0 dagger[Robin] (3)]
  1497 | D:2      | HP: 1/33 [hobgoblin[Robin] (4)]
  1501 | D:2      | Identified a scroll of acquirement
  1501 | D:2      | Acquired the +0 scimitar "Zuplaej" {heavy, rC+ Dex+3}
  1502 | D:2      | Slain by a hobgoblin

Vanquished Creatures
  Jessica (D:2)
  Terence (D:2)
  An adder (D:2)
  3 dart slugs
  3 bats
  4 endoplasms
  A giant cockroach (D:1)
  8 goblins
  2 hobgoblins (D:1)
  8 kobolds
  A quokka (D:1)
  2 ball pythons (D:1)
  A frilled lizard (D:1)
  4 rats (D:1)
40 creatures vanquished.

Table legend:
 A = Non-vault XP
 B = Vault XP
 C = Vault XP percentage of total XP
 D = Non-vault monster count
 E = Vault monster count
 F = Vault count percentage of total count
                 A         B        C        D         E       F
            +---------+---------+-------+---------+---------+-------
      Total |      72 |      82 |  53.2 |      33 |       7 |  17.5
            +---------+---------+-------+---------+---------+-------
        D:1 |      49 |       0 |   0.0 |      27 |       0 |   0.0
        D:2 |      23 |      82 |  78.1 |       6 |       7 |  53.8
            +---------+---------+-------+---------+---------+-------

Skill      XL: |  1  2  3  4 |
---------------+-------------+-----
Long Blades    | 4 5 |  5.4
Fighting       | |  2.0
Throwing       | |  1.7
Dodging        | |  2.6

Action                     |  1- 3 |  4- 6 || total
---------------------------+-------+-------++-------
  Melee: Dagger            |    49 |    12 ||    61
         Long sword        |    59 |    11 ||    70
    Use: Scroll            |     1 |     2 ||     3
         Potion            |       |     4 ||     4
   Stab: Sleeping          |       |     1 ||     1
 Armour: Leather armour    |    48 |    29 ||    77
  Dodge: Dodged            |    40 |    27 ||    67

Illustrated notes

Table legend:
 A = Kills in this place as a percentage of kills in the entire game.
 B = Kills by you in this place as a percentage of kills by you in the entire game.
 C = Kills by friends in this place as a percentage of kills by friends in the entire game.
 D = Other kills in this place as a percentage of other kills in the entire game.
 E = Experience gained in this place as a percentage of experience gained in the entire game.
 F = Experience gained in this place divided by the number of levels of this place that you have seen.
                   A       B       C       D       E      F
               +-------+-------+-------+-------+-------+----------------------
         Total | 100.0 | 100.0 |   N/A |   N/A | 100.0 |  77.0
       Dungeon | 100.0 | 100.0 |   N/A |   N/A | 100.0 |  77.0
               +-------+-------+-------+-------+-------+----------------------

Table legend: (Time is in decaauts)
 A = Elapsed time spent in this place.
 B = Non-inter-level travel time spent in this place.
 C = Inter-level travel time spent in this place.
 D = Time resting spent in this place.
 E = Time spent auto-exploring this place.
 F = Levels seen in this place.
 G = Mean time per level.
                   A        B        C        D        E       F      G
               +--------+--------+--------+--------+--------+-----+--------+
         Total |   1505 |   1487 |     18 |     10 |   1245 |   2 |  752.5 |
       Dungeon |   1505 |   1487 |     18 |     10 |   1245 |   2 |  752.5 |
               +--------+--------+--------+--------+--------+-----+--------+

Top non-repeatable levels by time:
     D:2: 912 daAuts
     D:1: 593 daAuts
